 Dungeon Crawl Stone Soup version 0.30-a0-358-g0d69a1922f (webtiles) character file.

Game seed: 13535973155445317554

16741 Essalna the Stormcaller (level 12, -5/75 HPs)
             Began as a Tengu Air Elementalist on Nov 11, 2022.
             Was a Priest of Vehumet.
             Slain by a blink frog (10 damage)
             ... on level 2 of the Lair of Beasts.
             The game lasted 00:32:41 (16678 turns).

Essalna the Stormcaller (Tengu Air Elementalist)   Turns: 16678, Time: 00:32:41

Health: -5/75      AC:  6    Str:  9    XL:     12   Next: 40%
Magic:  4/25       EV: 19    Int: 19    God:    Vehumet [***...]
Gold:   909        SH:  0    Dex: 16    Spells: 1/15 levels left

rFire   . . .      SeeInvis .    i - +3 spear of Duty {vorpal, rElec Will++}
rCold   . . .      Faith    .    (no shield)
rNeg    . . .      Spirit   .    r - +0 steam dragon scales
rPois   .          Reflect  .    (helmet restricted)
rElec   +          Harm     .    (no cloak)
rCorr   .          Rampage  .    (no gloves)
Will    +++..                    (boots unavailable)
Stlth   ++........               (no amulet)
HPRegen 0.32/turn                c - ring of willpower
MPRegen 0.19/turn                B - ring of magical power

@: flying quickly and evasively, quick
A: beak, talons 3, nimble flight
a: Renounce Religion


You were on level 2 of the Lair of Beasts.
You worshipped Vehumet.
Vehumet was most pleased with you.
You visited 3 branches of the dungeon, and saw 13 of its levels.
You also visited: Bailey.

You collected 909 gold pieces.

Inventory:

Hand Weapons
 g - a +0 dagger of protection
 i - the +3 spear of Duty (weapon) {vorpal, rElec Will++}
   (You found it on level 9 of the Dungeon)

   It inflicts extra damage upon your enemies.
   rElec:     It insulates you from electricity.
   Will:      It greatly increases your willpower.
Missiles
 C - a throwing net
Armour
 a - a +0 robe
 m - a +3 leather armour of cold resistance
 r - +0 steam dragon scales (worn)
Jewellery
 c - a ring of willpower (left hand)
 B - a ring of magical power (right hand)
 D - an amulet of guardian spirit
Wands
 n - a wand of digging (6)
 u - a wand of charming (8)
Scrolls
 d - 3 scrolls of blinking
 e - 2 scrolls of noise
 f - 2 scrolls of enchant weapon
 j - 7 scrolls of teleportation
 l - 2 scrolls of amnesia
 s - 3 scrolls of brand weapon
 x - 5 scrolls of enchant armour
 y - 2 scrolls of summoning
 z - a scroll of silence {unknown}
 A - 4 scrolls of identify
Potions
 b - 2 potions of haste {unknown}
 h - 2 potions of attraction {unknown}
 k - 4 potions of heal wounds
 o - 3 potions of might {unknown}
 p - 5 potions of resistance
 q - a potion of lignification
 t - 3 potions of mutation {unknown}
 v - 4 potions of curing
 w - 2 potions of flight


   Skills:
 - Level 8.4 Fighting
 - Level 7.0 Armour
 - Level 7.6 Dodging
 - Level 2.0 Stealth
 - Level 2.0 Spellcasting
 - Level 7.0 Conjurations
 + Level 6.0 Summonings
 + Level 5.4 Necromancy
 - Level 17.4 Air Magic


You had one spell level left.
You knew the following spells:

 Your Spells              Type           Power      Damage    Failure   Level
a - Shock                 Conj/Air       100%       1d9       1%          1
b - Airstrike             Air            31%        2d(5-21)  1%          4
c - Static Discharge      Conj/Air       96%        2-6/arc   1%          2
d - Haunt                 Necr/Summ      11%        N/A       100%        7

Your spell library contained the following spells:

 Spells                   Type           Power      Damage    Failure   Level
 Stone Arrow              Conj/Erth      30%        3d8       3%          3
 Kiss of Death            Conj/Necr      100%       2d13      1%          1
 Magic Dart               Conj           100%       1d8       1%          1
 Necrotise                Necr           88%        1d8       1%          1
 Summon Small Mammal      Summ           96%        N/A       1%          1
 Apportation              Tloc           2%         N/A       17%         1
 Beastly Appendage        Tmut           2%         N/A       17%         1
 Sting                    Tmut/Pois      4%         1d3       17%         1
 Kindle Blastsparks       Fire/Tloc/Air  48%        2d14      1%          3
 Swiftness                Air            62%        N/A       1%          3
 Dazzling Flash           Conj/Hex       30%        N/A       3%          3
 Freezing Cloud           Conj/Ice/Air   16%        6-21      4%          5
 Vampiric Draining        Necr           22%        2d7       5%          3
 Iskenderun's Mystic Bla  Conj/Tloc      15%        2d5       11%         4
 Ignite Poison            Fire/Tmut/Pois 1%         N/A       13%         3
 Animate Dead             Necr           22%        N/A       19%         4
 Dispel Undead            Necr           22%        3d12      19%         4
 Wereblood                Tmut           1%         N/A       26%         2
 Summon Ice Beast         Ice/Summ       13%        N/A       43%         4
 Confusing Touch          Hex            1%         N/A       45%         3
 Spider Form              Tmut/Pois      1%         N/A       45%         3
 Agony                    Necr           22%        N/A       45%         5
 Anguish                  Hex/Necr       6%         N/A       50%         4
 Summon Mana Viper        Hex/Summ       13%        N/A       80%         5
 Starburst                Conj/Fire      7%         6d4       80%         6
 Alistair's Intoxication  Tmut/Pois      0%         N/A       99%         5
 Enfeeble                 Hex            0%         N/A       100%        7
 Monstrous Menagerie      Summ           12%        N/A       100%        7
 Infestation              Necr           11%        N/A       100%        8
 Chain Lightning          Conj/Air       24%        3d32      100%        9
 Fire Storm               Conj/Fire      7%         8d2       100%        9
 Shatter                  Erth           0%         3d5*      100%        9


Dungeon Overview and Level Annotations

Branches:
Dungeon (10/15)            Temple (1/1) D:7            Lair (2/5) D:10
 Bailey (visited)
  Swamp: Lair:2-3    Shoals: Lair:2-3     Snake: Lair:2-3    Spider: Lair:2-3
    Orc: D:9-12

Altars:
Ashenzari
Cheibriados
Dithmenos
Elyvilon
Fedhas
Gozag
Kikubaaqudgha
Makhleb
Nemelex Xobeh
Okawaru
Qazlal
Ru
Sif Muna
Trog
Vehumet
Wu Jian
Xom
Yredelemnul
Zin
The Shining One

Shops:
D:8 =   D:10 *

Annotations:
D:6 Dowan, Duvessa


Innate Abilities, Weirdness & Mutations

You have a beak for a mouth.
You have claws for feet.
Your magical nature lets you fly swiftly and evasively.


Message History

You hit the blink frog. Your kick misses the blink frog.
The blink frog is severely wounded.
The blink frog closely misses you. The blink frog misses you.
You miss the blink frog. You claw the blink frog.
The blink frog is severely wounded.
The blink frog misses you.
You hit the blink frog. Your kick misses the blink frog.
Your peck misses the blink frog.
The blink frog is severely wounded.
The blink frog barely misses you.
The blink frog blinks!
The blink frog blinks!
Casting: Shock (safe; 1% risk of failure)
Confirm with . or Enter, or press ? or * to list all spells.
The blink frog is struck by an arc of lightning.
The blink frog is almost dead.
The blink frog is struck by an arc of lightning.
The blink frog is moderately wounded.
You resist.
You are struck by an arc of lightning.
The blink frog is struck by an arc of lightning.
You kill the blink frog!
Vehumet accepts your kill.
You feel your power returning.
The lightning grounds out.
The blink frog hits you!
The blink frog blinks! x2
Your Summonings skill increases to level 6!
The blink frog hits you!
* * * LOW HITPOINT WARNING * * *
You closely miss the blink frog.
The blink frog is moderately wounded.
The blink frog misses you.
You hit the blink frog. Your kick misses the blink frog.
The blink frog is heavily wounded.
The blink frog hits you!
* * * LOW HITPOINT WARNING * * *
The blink frog barely misses you.
You barely miss the blink frog.
The blink frog is heavily wounded.
The blink frog hits you.
* * * LOW HITPOINT WARNING * * *
The blink frog hits you!
You die...

##.....##
#.....##
#.....#
#.....#
##....##
#......#
##..(.### ##
##......##.##
#P....@.....#
##....F.....#
###.#.....##
#.##......#
###......##
##.....##
#......#
#$.....#
#.....##


You could see a blink frog.

Vanquished Creatures
  2 two-headed ogres (D:10)
  3 orc knights (Bailey)
  3 elephants (Lair:2)
  A black mamba (Lair:1)
  2 cane toads
  A kobold demonologist (D:10)
  Prince Ribbit (D:8)
  3 blink frogs (Lair:2)
  14 yaks
  2 wyverns
  Eustachio (D:6)
  A basilisk (Lair:1)
  2 steam dragons (D:7)
  7 water moccasins
  2 black bears
  8 orc warriors
  2 centaurs
  8 wolves
  3 phantoms
  4 kobold brigands
  A gnoll sergeant (D:9)
  10 bullfrogs
  A scorpion (D:7)
  5 wights
  11 killer bees
  3 howler monkeys
  A gnoll bouda (D:8)
  5 orc priests
  3 hounds
  A jelly (D:7)
  5 orc wizards
  8 gnolls
  5 adders
  2 shadow imps
  A white imp (D:8)
  An ufetubus (D:5)
  3 worms
  5 dart slugs
  43 orcs
  7 ball pythons
  6 bats
  8 endoplasms
  3 giant cockroaches
  6 goblins
  4 hobgoblins
  15 jackals
  A quokka (D:3)
  3 frilled lizards (D:1)
  16 kobolds
  9 rats
262 creatures vanquished.

Vanquished Creatures (others)
  A human (D:9)
  38 fungi
  33 plants
72 creatures vanquished.

Grand Total: 334 creatures vanquished

Notes
Turn   | Place    | Note
-------+----------+-------------------------------------------
     0 | D:1      | Essalna the Tengu Air Elementalist began the quest for the
                  | Orb.
     0 | D:1      | Reached XP level 1. HP: 10/10 MP: 4/4
   162 | D:1      | Reached XP level 2. HP: 16/16 MP: 0/6
   289 | D:1      | Reached skill level 1 in Fighting
   560 | D:1      | Reached XP level 3. HP: 20/20 MP: 5/7
  1654 | D:2      | Reached XP level 4. HP: 26/26 MP: 6/8
  1745 | D:2      | Reached skill level 5 in Air Magic
  1846 | D:2      | Learned a level 4 spell: Airstrike
  2883 | D:3      | Found a burning altar of Makhleb.
  2883 | D:3      | Noticed a cacodemon
  3357 | D:4      | Gained mutation: Your magical nature lets you fly swiftly
                  | and evasively. [Tengu growth]
  3357 | D:4      | Reached XP level 5. HP: 12/31 MP: 2/9
  4168 | D:5      | Entered Level 5 of the Dungeon
  4226 | D:5      | Found a sparkling altar of Nemelex Xobeh.
  4262 | D:5      | Noticed a kobold brigand
  4324 | D:5      | Killed a kobold brigand
  4325 | D:5      | Reached XP level 6. HP: 21/37 MP: 0/10
  4759 | D:5      | Reached skill level 5 in Conjurations
  4759 | D:5      | Reached skill level 6 in Air Magic
  5374 | D:5      | Found an iron altar of Okawaru.
  5642 | D:6      | Noticed Eustachio
  5652 | D:6      | Killed Eustachio
  5653 | D:6      | Reached XP level 7. HP: 42/42 MP: 0/11
  5679 | D:6      | Got Restramp's Wizardry 101
  5809 | D:6      | Found a blossoming altar of Fedhas.
  5894 | D:6      | Reached skill level 7 in Air Magic
  6078 | D:6      | Noticed Dowan
  6080 | D:6      | Noticed Duvessa
  6341 | D:6      | Found a broken altar of Ashenzari.
  6489 | D:6      | Reached XP level 8. HP: 48/48 MP: 7/12
  6682 | D:6      | Reached skill level 5 in Fighting
  6682 | D:6      | Reached skill level 8 in Air Magic
  7111 | D:6      | Reached skill level 1 in Armour
  7946 | D:7      | Reached skill level 9 in Air Magic
  7946 | D:7      | Reached XP level 9. HP: 21/55 MP: 1/13
  8077 | D:7      | Found a snail-covered altar of Cheibriados.
  8459 | D:7      | Found a staircase to the Ecumenical Temple.
  8466 | Temple   | Entered the Ecumenical Temple
  8512 | Temple   | Became a worshipper of Vehumet
  9220 | D:8      | Noticed Prince Ribbit
  9230 | D:8      | Killed Prince Ribbit
  9300 | D:8      | Found Xyteofer's Jewellery Emporium.
  9732 | D:8      | Reached skill level 5 in Dodging
  9965 | D:8      | Reached skill level 10 in Air Magic
  9972 | D:8      | Reached * piety under Vehumet
  9972 | D:8      | Offered knowledge of Foxfire by Vehumet.
 10484 | D:9      | Found a flagged portal.
 10492 | D:9      | Identified the +3 spear of Duty {vorpal, rElec Will++}
 10497 | Bailey   | Entered a bailey
 10631 | Bailey   | Reached skill level 5 in Armour
 10822 | Bailey   | Reached skill level 16 in Air Magic
 10822 | Bailey   | Reached XP level 10. HP: 62/63 MP: 7/14
 10903 | Bailey   | Noticed an orc knight
 10967 | Bailey   | Noticed an orc knight
 11152 | Bailey   | Killed an orc knight
 11153 | Bailey   | Reached XP level 11. HP: 67/67 MP: 2/15
 11329 | Bailey   | Killed an orc knight
 11340 | Bailey   | Noticed an orc knight
 11694 | Bailey   | Killed an orc knight
 11999 | D:9      | Found a glowing golden altar of the Shining One.
 12028 | D:9      | Found an ancient bone altar of Kikubaaqudgha.
 12043 | D:9      | Learned a level 2 spell: Static Discharge
 12420 | D:10     | Entered Level 10 of the Dungeon
 12491 | D:10     | Found an opulent altar of Gozag.
 12507 | D:10     | Reached skill level 17 in Air Magic
 12507 | D:10     | Offered knowledge of Poisonous Vapours by Vehumet.
 12603 | D:10     | Found Gozag's Platinum Reserve.
 12685 | D:10     | Noticed a two-headed ogre
 12702 | D:10     | Killed a two-headed ogre
 12702 | D:10     | Reached ** piety under Vehumet
 13003 | D:10     | Noticed a two-headed ogre
 13014 | D:10     | Killed a two-headed ogre
 13300 | D:10     | Found a glowing silver altar of Zin.
 13399 | D:10     | Found a staircase to the Lair.
 14182 | Lair:1   | Entered Level 1 of the Lair of Beasts
 14214 | Lair:1   | Learned a level 7 spell: Haunt
 14270 | Lair:1   | Reached skill level 1 in Summonings
 14270 | Lair:1   | Reached skill level 1 in Necromancy
 14371 | Lair:1   | Identified the +9 mace "Utammeun" {holy, rN+}
 14797 | Lair:1   | Reached XP level 12. HP: 74/75 MP: 3/16
 14953 | Lair:1   | Offered knowledge of Stone Arrow by Vehumet.
 16392 | Lair:2   | Reached skill level 5 in Summonings
 16392 | Lair:2   | Reached *** piety under Vehumet
 16396 | Lair:2   | HP: 3/75 [elephant (2)]
 16398 | Lair:2   | Reached skill level 5 in Necromancy
 16678 | Lair:2   | Slain by a blink frog

Illustrated notes

Levels and vault maps discovered:
D:1:      roderic_chinese_lattice_arrival, layout_basic
D:2:      layout_loops_corners, kennysheep_cluttered_room
D:3:      layout_basic, makhleb_altar_promises_db, small_statue_intersection,
          minmay_misc_feat_roman
D:4:      layout_rooms, st_stairs_9, minmay_strange_pillars
D:5:      layout_basic, nemelex_xobeh_ov_fountains_minmay,
          okawaru_altar_gauntlet_db, minmay_misc_feat_cross
D:6:      layout_gridville, evilmike_ruin_ashenzari,
          mainiacjoe_overflow_surrounded_room, hangedman_decor_slide_cut,
          uniq_eustachio, uniq_duvessa
D:7:      layout_cave_pools, mainiacjoe_overflow_alcove_4,
          minmay_temple_entry_nine_rooms, serial_co_window_serial,
          co_window_paths_b, co_window_corner_a, co_window_corner_a,
          co_window_paths_a, co_window_of_opportunity_a, co_window_corner_b,
          co_window_corner_b, co_window_corner_ca, co_window_corner_b,
          co_window_of_opportunity_c, co_window_4corner_b, glass_columns_c,
          glass_columns_a, glass_columns_b
D:8:      layout_basic, serial_shops, shop, uniq_prince_ribbit1
D:9:      layout_big_octagon, kennysheep_mini_moat, tgw_kikubaaqudgha,
          enter_bailey_2, minmay_chambers_of_fives
D:10:     layout_basic, nicolae_gozag_zags_fifth_avenue, zin_scriptorium,
          due_lair_maze_entry_diamond, lemuel_flame_loot_1
Temple:   nicolae_temple_godzebo
Lair:1:   layout_layer_cave
Lair:2:   layout_cellular_growth, spider_nest_entry_rubble,
          gammafunk_ghost_split

Skill      XL: |  1  2  3  4  5  6  7  8  9 10 11 12 |
---------------+-------------------------------------+-----
Conjurations   | 2 3 4 5 6 7 |  7.0
Fighting       | 1 2 3 4 6 7 8 |  8.4
Air Magic      | 5 6 7 9 16 17 | 17.4
Armour         | 3 5 7 |  7.0
Dodging        | 4 5 7 |  7.6
Summonings     | 2 6 |  6.0
Necromancy     | 2 5 |  5.4
Stealth        | |  2.0
Spellcasting   | |  2.0

Action                   |  1- 3 |  4- 6 |  7- 9 | 10-12 || total
-------------------------+-------+-------+-------+-------++-------
Melee: Unarmed           |     4 |       |       |       ||     4
       Peck              |     3 |     9 |    23 |     8 ||    43
       Kick              |     2 |    17 |    23 |    10 ||    52
       Dagger            |     6 |    84 |    61 |       ||   151
       Punch             |       |       |     2 |       ||     2
       Spear             |       |       |     4 |    63 ||    67
 Cast: Shock             |    73 |   119 |   209 |   196 ||   597
       Airstrike         |       |     2 |    30 |    39 ||    71
       Static Discharge  |       |       |       |    57 ||    57
  Use: Scroll            |     2 |     6 |     7 |     1 ||    16
       Potion            |       |     2 |     4 |     6 ||    12
 Stab: Invisible         |       |       |       |     6 ||     6
Armor: Robe              |     2 |    14 |    11 |       ||    27
       Skin              |       |    38 |       |       ||    38
       Steam dragon scal |       |       |     9 |    21 ||    30
Dodge: Dodged            |    12 |    51 |    90 |   151 ||   304

Table legend: (Time is in decaauts)
 A = Elapsed time spent in this place.
 B = Non-inter-level travel time spent in this place.
 C = Inter-level travel time spent in this place.
 D = Time resting spent in this place.
 E = Time spent auto-exploring this place.
 F = Levels seen in this place.
 G = Mean time per level.
                   A        B        C        D        E       F      G
               +--------+--------+--------+--------+--------+-----+--------+
         Total |  16031 |  15558 |    473 |    703 |  12904 |  14 | 1145.1 |
       Dungeon |  12303 |  11895 |    408 |    466 |   9996 |  10 | 1230.3 |
        Temple |     64 |     43 |     21 |      0 |     28 |   1 |   64.0 |
          Lair |   2365 |   2321 |     44 |     97 |   1984 |   2 | 1182.5 |
        Bailey |   1298 |   1298 |      0 |    140 |    894 |   1 | 1298.0 |
               +--------+--------+--------+--------+--------+-----+--------+

Top non-repeatable levels by time:
     D:5: 1905 daAuts
  Lair:1: 1782 daAuts
    D:10: 1669 daAuts
     D:7: 1394 daAuts
     D:6: 1353 daAuts
  Bailey: 1298 daAuts
     D:1: 1243 daAuts
     D:8: 1236 daAuts
     D:2: 1108 daAuts
     D:3: 979 daAuts
     D:4: 789 daAuts
     D:9: 624 daAuts
  Lair:2: 582 daAuts
  Temple: 64 daAuts
